 Dungeon Crawl Stone Soup version 0.30-a0-691-g754fce4c43 (webtiles) character file.

Game seed: 2003637217850390779

4949 testman the Fighter (level 10, -8/77 HPs)
             Began as a Djinni Warper on Jan 19, 2023.
             Was a High Priest of Okawaru.
             Mangled by a two-headed ogre
             ... wielding a +0 giant spiked club
              (25 damage)
             ... on level 9 of the Dungeon.
             The game lasted 00:34:33 (7683 turns).

testman the Fighter (Djinni Warper)                 Turns: 7683, Time: 00:34:33

Health: -8/77      AC: 10    Str: 10    XL:     10   Next: 82%
Gold:   288        EV: 12    Int: 16    God:    Okawaru [*****.] SH:  0 Dex: 21

rFire   + + .      SeeInvis +    L - +4 scimitar (flame)
rCold   x . .      Faith    .    (no shield)
rNeg    . . .      Spirit   .    J - +0 acid dragon scales
rPois   ∞          Reflect  .    I - +2 hat
rElec   .          Harm     .    (no cloak)
rCorr   +          Rampage  .    w - +1 pair of gloves of the Hurtling Gods {rPois Dex+5}
Will    +....                    (boots unavailable)
Stlth   +                        n - amulet of regeneration
HPRegen 1.12/turn                K - ring of see invisible
MPRegen 0.00/turn                (no ring)

@: flying
A: sickness immunity, fire resistance 2, cold vulnerability 1, float, innate
caster, HP casting, extra vitality 1
a: Renounce Religion, Heroism, Finesse, Duel


You were on level 9 of the Dungeon.
You worshipped Okawaru.
Okawaru was extremely pleased with you.
You visited 1 branch of the dungeon, and saw 9 of its levels.

You collected 344 gold pieces.
You spent 56 gold pieces at shops.

Inventory:

Hand Weapons
 y - a +2 dagger of holy wrath
 L - a +4 scimitar of flaming (weapon)
Missiles
 d - 8 boomerangs of dispersal (quivered)
 t - a boomerang
 u - 4 curare-tipped darts
 A - 4 silver javelins
 H - 2 throwing nets
 M - 2 atropa-tipped darts
Armour
 w - the +1 pair of gloves of the Hurtling Gods (worn) {rPois Dex+5}
   (You found it on level 3 of the Dungeon)

   Dex:       It affects your dexterity (+5).
   rPois:     It protects you from poison.
 C - a +1 robe of cold resistance
 I - a +2 hat (worn)
 J - +0 acid dragon scales (worn)
Jewellery
 n - an amulet of regeneration (around neck)
 p - the amulet of Zeody {RegenMP rElec Str+4 Slay+3}
   (You found it on level 5 of the Dungeon)

   [amulet of magic regeneration]

   It increases your rate of magic regeneration.
   Str:       It affects your strength (+4).
   Slay:      It affects your accuracy & damage with ranged weapons and melee
   (+3).
   rElec:     It insulates you from electricity.
 r - a ring of fire
 K - a ring of see invisible (left hand)
Wands
 B - a wand of mindburst (4)
Scrolls
 a - 2 scrolls of poison
 b - 2 scrolls of fog
 c - 5 scrolls of blinking
 i - a scroll of enchant armour
 k - a scroll of summoning
 l - 6 scrolls of teleportation
 q - 4 scrolls of fear
 s - 3 scrolls of amnesia {unknown}
 E - a scroll of immolation {unknown}
Potions
 e - 3 potions of heal wounds
 f - 2 potions of flight {unknown}
 g - a potion of invisibility {unknown}
 h - 3 potions of berserk rage
 j - 5 potions of curing
 m - 3 potions of cancellation
 o - 2 potions of mutation {unknown}
 v - 3 potions of attraction {unknown}
 x - 2 potions of brilliance {unknown}
 z - a potion of resistance {unknown}
 D - a potion of might {unknown}
 F - a potion of ambrosia
 G - 2 potions of degeneration {unknown}


   Skills:
 + Level 8.4 Fighting
 + Level 7.7 Long Blades
 - Level 1.0 Throwing
 - Level 1.0 Armour
 - Level 2.1 Dodging
 + Level 6.7 Spellcasting
 + Level 5.3 Invocations


You couldn't memorise any spells.
You knew the following spells:

 Your Spells              Type           Power      Damage    Failure   Level
a - Blink                 Tloc           54%        N/A       1%          2
b - Lesser Beckoning      Tloc           54%        N/A       1%          2
c - Vhi's Electric Charg  Tloc/Air       54%        N/A       3%          3
d - Teleport Other        Tloc           27%        N/A       3%          3
e - Manifold Assault      Tloc           27%        N/A       13%         4
f - Apportation           Tloc           54%        N/A       1%          1
g - Call Imp              Summ           27%        N/A       1%          2
h - Confusing Touch       Hex            27%        N/A       3%          3
i - Airstrike             Air            13%        2d(2-18)  13%         4
Your spell library was empty.

Dungeon Overview and Level Annotations

Branches:
Dungeon (9/15)             Temple (0/1) D:5
   Lair: D:8-11         Orc: D:9-12

Altars:
Ashenzari
Cheibriados
Nemelex Xobeh
Okawaru
Xom

Shops:
D:3 ?

Annotations:
D:5 1 transporter, wormed's ghost, novice KoBr
D:7 1 runed translucent door, bmack86's ghost, novice MiFi


Innate Abilities, Weirdness & Mutations

You are immune to sickness and miasma.
You are immune to poison.
Your flesh is very heat resistant. (rF++)
You are vulnerable to cold. (rC-)
You float through the air rather than walking.
You learn spells naturally, not from books.
Your magical power is your life essence.
You have superior vitality. (+4 MHP)


Message History

The two-headed ogre disappears!
You feel stable enough to blink again.
There is a stone staircase leading up here.
You start resting.
HP restored.
There is an open door here.
There is an open door here.
You reach down and open the door.
Found a dagger.
Casting: Blink (safe; 1% risk of failure)
Confirm with . or Enter, or press ? or * to list all spells.
You blink.
Casting: Blink (safe; 1% risk of failure)
Confirm with . or Enter, or press ? or * to list all spells.
Okay, then.
Found a rapier.
Casting: Blink (safe; 1% risk of failure)
Confirm with . or Enter, or press ? or * to list all spells.
Your hands begin to glow red.
The two-headed ogre hits you but does no damage.
The two-headed ogre completely misses you.
You hit the two-headed ogre but do no damage.
The two-headed ogre is moderately wounded.
The two-headed ogre barely misses you.
The two-headed ogre hits you with a +0 giant club!
You hit the two-headed ogre but do no damage.
The two-headed ogre is moderately wounded.
You feel stable enough to blink again.
You hit the two-headed ogre but do no damage.
The two-headed ogre is moderately wounded.
The two-headed ogre hits you with a +0 giant spiked club!!
The two-headed ogre closely misses you.
You hit the two-headed ogre but do no damage.
The two-headed ogre appears confused.
The two-headed ogre is moderately wounded.
The two-headed ogre gestures wildly.
The two-headed ogre hits you with a +0 giant spiked club!!
* * * LOW HITPOINT WARNING * * *
The two-headed ogre hits you with a +0 giant club!!
You die...

..........#...#
..........#...#.....)#
..........#...#......#
..........#...#......#
..........#...#......#
#.........#...#......# .
#.........#...#......#..
#.........#...#......'..
#.........#...#.@)...#
#.........#...#.O....#
#.........###.#......#
#####.......#'##'#####
....#.......#......#
....+.......#......#
....#.......'......#
....#.......#......#
##..#.......###...##


You could see a two-headed ogre (confused).

Vanquished Creatures
  Erica (D:8)
  Psyche (D:8)
  2 kobold demonologists (D:9)
  A hornet (D:9)
  A steam dragon (D:6)
  2 water moccasins
  3 ice beasts
  2 orc warriors
  A black bear (D:4)
  An ogre (D:4)
  2 phantoms
  4 kobold brigands
  4 bullfrogs
  4 scorpions
  4 killer bees (D:7)
  A vampire bat (D:3)
  6 howler monkeys
  4 hounds
  A jelly (D:8)
  2 gnoll boudas
  6 orc priests
  Natasha (D:2)
  10 orc wizards
  6 gnolls
  8 adders
  4 white imps
  2 ufetubi (D:6)
  2 worms
  6 dart slugs
  3 fire bats (D:3)
  21 orcs
  2 spectral bats (D:3)
  13 bats
  3 bat skeletons (D:3)
  A bat zombie (D:3)
  6 endoplasms
  2 giant cockroaches
  6 goblins
  5 hobgoblins
  6 jackals
  23 kobolds
  2 quokkas (D:3)
  10 ball pythons
  A bat simulacrum (D:3)
  2 frilled lizards
  7 rats
205 creatures vanquished.

Vanquished Creatures (others)
  2 demonic plants (D:6)
2 creatures vanquished.

Grand Total: 207 creatures vanquished

Notes
Turn   | Place    | Note
-------+----------+-------------------------------------------
     0 | D:1      | testman the Djinni Warper began the quest for the Orb.
     0 | D:1      | testman set off with the following spells memorised: Blink,
                  | Lesser Beckoning, Vhi's Electric Charge, Teleport Other,
                  | Manifold Assault.
     0 | D:1      | Reached XP level 1. HP: 18/18 MP: 0/0
   158 | D:1      | Reached XP level 2. HP: 23/23 MP: 0/0
   363 | D:1      | Reached XP level 3. HP: 29/29 MP: 0/0
   363 | D:1      | Learned a level 1 spell: Apportation
  1242 | D:2      | Reached XP level 4. HP: 18/34 MP: 0/0
  1525 | D:2      | Noticed Natasha
  1588 | D:2      | Reached skill level 3 in Fighting
  1637 | D:2      | Killed Natasha
  1638 | D:2      | Reached XP level 5. HP: 24/40 MP: 0/0
  1638 | D:2      | Learned a level 2 spell: Call Imp
  2137 | D:2      | Reached skill level 1 in Throwing
  2193 | D:3      | Reached XP level 6. HP: 38/46 MP: 0/0
  2201 | D:3      | Identified the +1 pair of gloves of the Hurtling Gods
                  | {rPois Dex+5}
  2257 | D:3      | Found Bisud Bodde's Magic Scroll Emporium.
  2266 | D:3      | Bought a scroll of identify for 28 gold pieces
  2266 | D:3      | Bought a scroll of identify for 28 gold pieces
  2535 | D:3      | Found an iron altar of Okawaru.
  2551 | D:3      | Became a worshipper of Warmaster Okawaru
  2890 | D:3      | Reached skill level 4 in Fighting
  3074 | D:4      | Noticed a black bear
  3074 | D:4      | Noticed an ogre
  3085 | D:4      | Reached XP level 7. HP: 46/52 MP: 0/0
  3085 | D:4      | Learned a level 3 spell: Confusing Touch
  3098 | D:4      | Reached * piety under Okawaru
  3109 | D:4      | Found a snail-covered altar of Cheibriados.
  3811 | D:5      | Entered Level 5 of the Dungeon
  3823 | D:5      | Reached skill level 5 in Fighting
  3823 | D:5      | Reached XP level 8. HP: 59/59 MP: 0/0
  3823 | D:5      | Found a staircase to the Ecumenical Temple.
  3871 | D:5      | Reached ** piety under Okawaru
  3971 | D:5      | Reached skill level 5 in Long Blades
  4047 | D:5      | Identified the amulet of Zeody {RegenMP rElec Str+4 Slay+3}
  4222 | D:5      | Found a transporter.
  4227 | D:5      | Found a transporter.
  4229 | D:5      | Noticed wormed's ghost (novice KoBr)
  4268 | D:5      | Reached skill level 6 in Fighting
  4443 | D:5      | Found a broken altar of Ashenzari.
  4707 | D:6      | Reached skill level 5 in Spellcasting
  4863 | D:6      | Reached XP level 9. HP: 47/67 MP: 0/0
  4863 | D:6      | Learned a level 4 spell: Airstrike
  5123 | D:6      | Reached skill level 1 in Invocations
  5207 | D:6      | Reached *** piety under Okawaru
  5691 | D:7      | Found a sparkling altar of Nemelex Xobeh.
  5759 | D:7      | Reached skill level 7 in Fighting
  6132 | D:7      | Found a runed translucent door.
  6132 | D:7      | Found a shimmering altar of Xom.
  6132 | D:7      | Noticed bmack86's ghost (novice MiFi)
  6133 | D:7      | Noticed a +2 spear of chaos
  6507 | D:8      | Noticed Erica
  6515 | D:8      | Killed Erica
  6515 | D:8      | Reached **** piety under Okawaru
  6516 | D:8      | Reached XP level 10. HP: 46/76 MP: 0/0
  6700 | D:8      | Noticed Psyche
  6723 | D:8      | Killed Psyche
  6724 | D:8      | Reached skill level 8 in Fighting
  7457 | D:9      | Noticed a kobold demonologist
  7458 | D:9      | Noticed a kobold demonologist
  7464 | D:9      | Noticed a rust devil
  7511 | D:9      | Killed a kobold demonologist
  7511 | D:9      | Reached ***** piety under Okawaru
  7512 | D:9      | Reached skill level 5 in Invocations
  7517 | D:9      | Killed a kobold demonologist
  7517 | D:9      | Received a gift from Okawaru
  7562 | D:9      | Noticed a two-headed ogre
  7683 | D:9      | Mangled by a two-headed ogre

Illustrated notes

Levels and vault maps discovered:
D:1:      wheals_arrival_shading, layout_basic, hex_medium
D:2:      layout_basic, solitary_fountain, serial_park_tiny_pond,
          minmay_ruptured, uniq_natasha
D:3:      layout_loops_ring, mainiacjoe_overflow_cross_hatched, serial_shops,
          nicolae_shop_advertising_works [nicolae_subvault_shop_adworks],
          goddamned_bats
D:4:      layout_loops_ring, cheibriados_altar_1
D:5:      layout_basic, lemuel_crystal_altar, minmay_temple_entry_junction,
          gammafunk_ghost_hive, hangedman_decor_riveting
D:6:      layout_basic, serial_demonic, serial_demonic_g, serial_demonic_b,
          serial_demonic_d, serial_demonic_e, serial_demonic_b, serial_demonic_g
D:7:      layout_gridville, mainiacjoe_overflow_chevrons, ebering_ghost_xom
D:8:      layout_loops_corners, uniq_erica, uniq_psyche
D:9:      layout_gridville, elyvilon_altar_1

Skill      XL: |  1  2  3  4  5  6  7  8  9 10 |
---------------+-------------------------------+-----
Long Blades    | 2 3 4 5 7 |  7.7
Spellcasting   | 3 4 5 6 |  6.7
Fighting       | 3 4 5 6 7 8 |  8.4
Throwing       | 1 |  1.0
Invocations    | 4 5 |  5.3
Armour         | |  1.0
Dodging        | |  2.1

Action                   |  1- 3 |  4- 6 |  7- 9 | 10-12 || total
-------------------------+-------+-------+-------+-------++-------
Melee: Falchion          |    85 |    62 |       |       ||   147
       Punch             |       |     3 |     8 |     3 ||    14
       Long sword        |       |   162 |   427 |       ||   589
       Scimitar          |       |       |       |   119 ||   119
       Unarmed           |       |       |       |     2 ||     2
Throw: Boomerang         |       |     1 |       |       ||     1
 Cast: Confusing Touch   |       |       |     8 |     5 ||    13
       Manifold Assault  |       |       |    12 |     4 ||    16
       Blink             |       |       |     2 |     5 ||     7
       Airstrike         |       |       |     5 |    14 ||    19
       Teleport Other    |       |       |       |     4 ||     4
  Use: Scroll            |       |     4 |     6 |     1 ||    11
       Potion            |       |     1 |     1 |     1 ||     3
 Stab: Sleeping          |     1 |     3 |     1 |       ||     5
       Confused          |       |       |     4 |     1 ||     5
       Distracted        |       |       |     1 |       ||     1
Armor: Leather armour    |    18 |   142 |    63 |       ||   223
       Robe              |       |       |    74 |       ||    74
       Acid dragon scale |       |       |    51 |    60 ||   111
Dodge: Dodged            |    37 |   242 |   325 |    71 ||   675

Table legend: (Time is in decaauts)
 A = Elapsed time spent in this place.
 B = Non-inter-level travel time spent in this place.
 C = Inter-level travel time spent in this place.
 D = Time resting spent in this place.
 E = Time spent auto-exploring this place.
 F = Levels seen in this place.
 G = Mean time per level.
                   A        B        C        D        E       F      G
               +--------+--------+--------+--------+--------+-----+--------+
         Total |   7814 |   7531 |    283 |    194 |   5393 |   9 |  868.2 |
       Dungeon |   7814 |   7531 |    283 |    194 |   5393 |   9 |  868.2 |
               +--------+--------+--------+--------+--------+-----+--------+

Top non-repeatable levels by time:
     D:2: 1142 daAuts
     D:1: 1059 daAuts
     D:5: 938 daAuts
     D:3: 932 daAuts
     D:8: 924 daAuts
     D:6: 922 daAuts
     D:4: 765 daAuts
     D:7: 702 daAuts
     D:9: 426 daAuts
